 Dungeon Sprint DCSS version 0.24-a0-249-g2af7e83 (webtiles) character file.

Game seed: 10236414813036172927

13100000 JimmahDean the Demonspawn of Death (level 27, -96/245 (249) HPs)
             Began as a Demonspawn Necromancer on Apr 13, 2019.
             Was the Champion of Makhleb.
             Annihilated by a fleshlord
             ... wielding a +9 great mace
              (211 damage)
             ... in the Dungeon (Sprint VIII: "Arena of Blood").
             The game lasted 00:05:25 (131 turns).

JimmahDean the Demonspawn of Death (DsNe)            Turns: 131, Time: 00:05:26

HP:   -96/245 (249) AC:  4    Str: 19    XL:     27
MP:   0/54          EV: 37    Int: 16    God:    Makhleb [******]
Gold: 0             SH:  0    Dex: 17    Spells: 79/80 levels left

rFire    . . .     SeeInvis +   b - +∞ Axe of Woe
rCold    . . .     Gourm    .   (shield currently unavailable)
rNeg     + . .     Faith    .   a - +0 robe
rPois    .         Spirit   +   (helmet unavailable)
rElec    .         Reflect  .   (no cloak)
rCorr    .         Harm     .   (no gloves)
MR       ++...     NoTele   +   (no boots)
Stlth    +++++++++.             (no amulet)
HPRegen  0.50/turn              (no ring)
MPRegen  0.68/turn              (no ring)

@: lethally poisoned (-96 -> -97), hasted and slowed, repel missiles
A: antennae 3, repulsion field 3, negative energy resistance 1, spiny 3, 50%
torment resistance, magic shield, magic regeneration, magic link, black mark
a: Minor Destruction, Lesser Servant of Makhleb, Major Destruction, Greater
Servant of Makhleb, Renounce Religion


You were in the Dungeon.
You worshipped Makhleb.
Makhleb was exalted by your worship.
You were not hungry.

You visited 1 branch

Inventory:

Hand Weapons
 b - the +∞ Axe of Woe (weapon)
   (You found it in the Dungeon)
Armour
 a - a +0 robe (worn)
Scrolls
 i - a scroll of blinking
Potions
 d - a potion of curing {@q1}
 e - a potion of heal wounds {@q2}
 g - 2 potions of magic
 h - a potion of berserk rage
Comestibles
 c - a ration {@e1}


   Skills:
 O Level 27 Fighting
 O Level 27 Axes
 O Level 27 Throwing
 O Level 27 Armour
 O Level 27 Dodging
 O Level 27 Stealth
 O Level 27 Unarmed Combat
 O Level 27 Spellcasting
 O Level 27 Necromancy
 O Level 27 Invocations


You had 79 spell levels left.
You knew the following spells:

 Your Spells              Type           Power        Failure   Level  Hunger
a - Pain                  Necr           ####         0%          1    None

Your spell library contained the following spells:

 Spells                   Type           Power        Failure   Level  Hunger
 Animate Skeleton         Necr           N/A          0%          1    None
 Vampiric Draining        Necr           #######...   0%          3    None
 Animate Dead             Necr           N/A          0%          4    None
 Regeneration             Chrm/Necr      ######....   1%          3    None


Dungeon Overview and Level Annotations

Branches:
Dungeon (1/1)

Altars:
Makhleb

Annotations:
D The Defiler


Innate Abilities, Weirdness & Mutations

You have a pair of large antennae on your head. (SInv)
You are surrounded by a strong repulsion field. (EV +4, RMsl)
You resist negative energy. (rN+)
You are completely covered in sharp spines.
You are somewhat able to resist unholy torments (1 in 2 success).
When hurt, damage is shared between your health and your magic reserves.
You regenerate magic rapidly.
When low on magic, you restore magic in place of health.
Your melee attacks may debilitate your foes.


Message History

The fleshlord gestures at you while chanting.
You barely resist.
You hear a shout!
The eight-headed meat hydra calls on the powers of darkness!
The eight-headed meat hydra convulses!
The fleshlord convulses!
Your body is wracked with pain!
* * * LOW HITPOINT WARNING * * *
The fleshlord convulses!
The scourge convulses!
You hear a shout! x2
You take 24 damage, and have 115/245 hp.
You now have 3/54 mp.
A fleshlord comes into view. It is wielding a +9 great mace.
The scourge appears out of thin air!
A scourge comes into view.
The meat berserker rages.
You hear a shout!
The fleshlord is struck by your spines.
The fleshlord hits you with a +9 great mace!!!!!
Ouch! That really hurt!
You die...

.####.....##.#
#................
.{#.......S%.#.#...
..#...%..S...........
...#........%.%......
....#.......%........
.......p.....%.%....
.....D.)@)).O......
....p.))#.)p)...#
..#...).#@))))).#
......###.))))))###...
......%.z..###%)......
...#o.{☼.%.._)).......
.# .X.○..#.....#......
....°%.#_.<._#......
#..@°...#z....# .....


You could see an eight-headed meat hydra, 2 scourges, 3 fleshlords, The Defiler,
a meat berserker (berserk) and a bag of meat (wandering).

Vanquished Creatures
  4 hell knights (D)
  Sigmund (D)
  7 hell beasts (D)
  6 greater mummies (D)
  6 great orbs of eyes (D)
  3 wraiths (D)
  14 vampire knights (D)
  33 ogres (D)
  11 two-headed ogres (D)
  9 liches (D)
  5 hydras (D)
  83 orcs (D)
  3 phantoms (D)
  8 skeletal warriors (D)
  2 sea snakes (D)
  4 large abominations (D)
  13 small abominations (D)
  15 crawling corpses (D)
227 creatures vanquished.

Vanquished Creatures (others)
  4 crawling corpses (D)
4 creatures vanquished.

Grand Total: 231 creatures vanquished

Notes
Turn   | Place    | Note
-------+----------+-------------------------------------------
     0 | D        | Found the +∞ Axe of Woe
     0 | D        | JimmahDean the Demonspawn Necromancer began the quest for
                  | the Orb.
     0 | D        | Reached XP level 1. HP: 13/13 MP: 3/3
     2 | D        | Noticed a bag of meat
     3 | D        | Noticed a meat berserker
     4 | D        | Became a worshipper of Makhleb the Destroyer
     5 | D        | Noticed a bag of meat
     5 | D        | Noticed a bag of meat
     5 | D        | Noticed a bag of meat
     6 | D        | Noticed a bag of meat
     6 | D        | Noticed a bag of meat
     6 | D        | Noticed a bag of meat
     7 | D        | Noticed a bag of meat
     8 | D        | Killed a bag of meat
     8 | D        | Gained mutation: When hurt, damage is shared between your
                  | health and your magic reserves. [demonic ancestry]
     8 | D        | Reached XP level 2. HP: 19/19 MP: 3/16
     8 | D        | Gained mutation: You regenerate magic rapidly. [demonic
                  | ancestry]
     8 | D        | Reached XP level 3. HP: 24/24 MP: 3/18
     8 | D        | Gained mutation: You are partially covered in sharp spines.
                  | [demonic ancestry]
     8 | D        | Reached XP level 4. HP: 30/30 MP: 3/19
     8 | D        | Reached XP level 5. HP: 35/35 MP: 3/21
     8 | D        | Gained mutation: You are mostly covered in sharp spines.
                  | [demonic ancestry]
     8 | D        | Reached XP level 6. HP: 41/41 MP: 3/22
     8 | D        | Reached XP level 7. HP: 46/46 MP: 3/24
     8 | D        | Reached XP level 8. HP: 52/52 MP: 3/25
     8 | D        | Gained mutation: You are surrounded by a mild repulsion
                  | field. (EV +2) [demonic ancestry]
     8 | D        | Reached XP level 9. HP: 57/57 MP: 3/26
     8 | D        | Gained mutation: You have a pair of small antennae on your
                  | head. [demonic ancestry]
     8 | D        | Reached XP level 10. HP: 63/63 MP: 3/27
     8 | D        | Gained mutation: You are surrounded by a moderate repulsion
                  | field. (EV +3) [demonic ancestry]
     8 | D        | Reached XP level 11. HP: 68/68 MP: 3/28
     8 | D        | Killed a meat berserker
     8 | D        | Reached * piety under Makhleb
     8 | D        | Gained mutation: You have a pair of antennae on your head.
                  | [demonic ancestry]
     8 | D        | Reached XP level 12. HP: 74/74 MP: 3/32
     8 | D        | Reached XP level 13. HP: 79/79 MP: 3/33
     8 | D        | Noticed a bag of meat
     8 | D        | Noticed a bag of meat
     9 | D        | Killed a bag of meat
     9 | D        | Reached XP level 14. HP: 85/85 MP: 2/36
     9 | D        | Killed a bag of meat
     9 | D        | Killed a bag of meat
     9 | D        | Reached ** piety under Makhleb
     9 | D        | Reached XP level 15. HP: 90/90 MP: 2/38
     9 | D        | Noticed a meat berserker
     9 | D        | Noticed a meat berserker
    10 | D        | Noticed a meat berserker
    10 | D        | Killed a meat berserker
    10 | D        | Reached XP level 16. HP: 96/96 MP: 3/41
    10 | D        | Reached *** piety under Makhleb
    11 | D        | Killed a meat berserker
    11 | D        | Reached skill level 27 in Necromancy
    11 | D        | Gained mutation: You are surrounded by a strong repulsion
                  | field. (EV +4, RMsl) [demonic ancestry]
    11 | D        | Reached XP level 17. HP: 101/101 MP: 5/45
    11 | D        | Reached **** piety under Makhleb
    11 | D        | Reached skill level 27 in Stealth
    11 | D        | Noticed a meat berserker
    12 | D        | Killed a meat berserker
    12 | D        | Reached skill level 27 in Dodging
    12 | D        | Reached skill level 27 in Spellcasting
    12 | D        | Reached skill level 10 in Invocations
    12 | D        | Gained mutation: You have a pair of large antennae on your
                  | head. (SInv) [demonic ancestry]
    12 | D        | Reached XP level 18. HP: 129/129 MP: 5/49
    12 | D        | Reached ***** piety under Makhleb
    13 | D        | Killed a meat berserker
    13 | D        | Reached XP level 19. HP: 148/148 MP: 3/50
    13 | D        | Noticed a meat berserker
    13 | D        | Noticed a meat berserker
    13 | D        | Noticed a meat berserker
    13 | D        | Noticed a large bag of meat
    14 | D        | Noticed a meat berserker
    16 | D        | Reached skill level 15 in Fighting
    16 | D        | Reached skill level 15 in Axes
    16 | D        | Reached skill level 15 in Throwing
    16 | D        | Reached skill level 15 in Armour
    16 | D        | Reached skill level 15 in Unarmed Combat
    16 | D        | Noticed a meat berserker
    17 | D        | Killed a meat berserker
    17 | D        | Reached XP level 20. HP: 171/171 MP: 4/51
    17 | D        | Killed a meat berserker
    17 | D        | Reached ****** piety under Makhleb
    17 | D        | Noticed a meat berserker
    18 | D        | Noticed a large bag of meat
    18 | D        | Killed a meat berserker
    18 | D        | Reached XP level 21. HP: 187/187 MP: 5/52
    18 | D        | Reached skill level 27 in Invocations
    19 | D        | Noticed a large bag of meat
    20 | D        | Killed a large bag of meat
    20 | D        | Gained mutation: When low on magic, you restore magic in
                  | place of health. [demonic ancestry]
    20 | D        | Reached XP level 22. HP: 208/208 MP: 6/53
    21 | D        | Reached skill level 27 in Fighting
    24 | D        | Reached skill level 27 in Axes
    24 | D        | Reached skill level 27 in Throwing
    24 | D        | Reached skill level 27 in Armour
    24 | D        | Reached skill level 27 in Unarmed Combat
    24 | D        | Gained mutation: You are completely covered in sharp
                  | spines. [demonic ancestry]
    24 | D        | Reached XP level 23. HP: 219/219 MP: 8/54
    24 | D        | Noticed a large bag of meat
    26 | D        | Noticed a large bag of meat
    26 | D        | Noticed a large bag of meat
    26 | D        | Noticed a destroyer
    27 | D        | Noticed a destroyer
    27 | D        | Reached XP level 24. HP: 227/227 MP: 9/54
    28 | D        | Killed a large bag of meat
    28 | D        | Killed a large bag of meat
    31 | D        | Gained mutation: You resist negative energy. (rN+) [demonic
                  | ancestry]
    31 | D        | Reached XP level 25. HP: 225/234 MP: 8/54
    34 | D        | Killed a large bag of meat
    34 | D        | Gained mutation: You are somewhat able to resist unholy
                  | torments (1 in 2 success). [demonic ancestry]
    34 | D        | Reached XP level 26. HP: 209/242 MP: 9/54
    34 | D        | Noticed a destroyer
    34 | D        | Noticed a destroyer
    35 | D        | Killed a destroyer
    36 | D        | Noticed a destroyer
    36 | D        | Killed a large bag of meat
    37 | D        | Killed a destroyer
    37 | D        | Gained mutation: Your melee attacks may debilitate your
                  | foes. [demonic ancestry]
    37 | D        | Reached XP level 27. HP: 249/249 MP: 9/54
    38 | D        | Noticed a destroyer
    39 | D        | Noticed a destroyer
    39 | D        | Killed a destroyer
    40 | D        | Killed a large bag of meat
    40 | D        | Noticed a destroyer
    41 | D        | Killed a destroyer
    42 | D        | Killed a destroyer
    43 | D        | Killed a destroyer
    43 | D        | Noticed a destroyer
    44 | D        | Noticed a tyrant
    44 | D        | Noticed an accursed
    46 | D        | Killed a destroyer
    46 | D        | Killed a destroyer
    46 | D        | Noticed a large bag of meat
    48 | D        | Noticed a large bag of meat
    49 | D        | Noticed a tyrant
    49 | D        | Noticed a large bag of meat
    49 | D        | Noticed an accursed
    50 | D        | Noticed a destroyer
    50 | D        | Noticed a tyrant
    51 | D        | Killed a destroyer
    51 | D        | Noticed a tyrant
    52 | D        | Killed a large bag of meat
    52 | D        | Killed a tyrant
    52 | D        | Noticed The Captor
    52 | D        | Noticed a destroyer
    54 | D        | Noticed an accursed
    55 | D        | Killed an accursed
    55 | D        | Killed a tyrant
    57 | D        | Killed a destroyer
    58 | D        | Killed a destroyer
    58 | D        | Noticed a large bag of meat
    59 | D        | Noticed a meat beast
    59 | D        | Killed The Captor
    60 | D        | Killed a large bag of meat
    61 | D        | Killed a meat beast
    62 | D        | Killed a tyrant
    63 | D        | Killed a tyrant
    63 | D        | Killed an accursed
    64 | D        | Killed a large bag of meat
    65 | D        | Noticed an accursed
    67 | D        | Killed a large bag of meat
    70 | D        | Noticed a destroyer
    71 | D        | Noticed a dread
    71 | D        | Noticed a dread
    72 | D        | Noticed a large bag of meat
    72 | D        | Noticed a meat beast
    73 | D        | Killed a destroyer
    78 | D        | Killed a meat beast
    81 | D        | Killed an accursed
    82 | D        | Noticed a meat beast
    83 | D        | Killed an accursed
    84 | D        | Killed a large bag of meat
    86 | D        | Killed a meat beast
    86 | D        | Noticed a meat beast
    88 | D        | Noticed a destroyer
    89 | D        | Killed a meat beast
    90 | D        | Noticed a tyrant
    92 | D        | Noticed an accursed
    93 | D        | Noticed a tyrant
    95 | D        | HP: 8/246 [destroyer/+9 great sword of slicing (6)]
    96 | D        | Killed an accursed
    96 | D        | Killed a destroyer
    96 | D        | Killed a dread
    97 | D        | Killed a dread
    97 | D        | Noticed a meat beast
    97 | D        | Noticed a tyrant
    98 | D        | Noticed a destroyer
    99 | D        | Noticed a meat beast
    99 | D        | Killed a tyrant
    99 | D        | Noticed a meat beast
    99 | D        | Noticed an accursed
   102 | D        | Killed a tyrant
   102 | D        | Noticed an accursed
   103 | D        | Killed a meat beast
   104 | D        | Noticed a tyrant
   105 | D        | Killed a meat beast
   106 | D        | Killed a meat beast
   110 | D        | Noticed a dread
   111 | D        | Killed a tyrant
   111 | D        | Noticed a tyrant
   112 | D        | Noticed a fleshlord
   113 | D        | Killed a destroyer
   113 | D        | Noticed a fleshlord
   115 | D        | Killed a tyrant
   118 | D        | Killed a fleshlord
   118 | D        | Noticed a fleshlord
   119 | D        | Noticed a fleshlord
   120 | D        | Noticed The Defiler
   121 | D        | Killed a dread
   122 | D        | Noticed a fleshlord
   123 | D        | Noticed a fleshlord
   124 | D        | Killed an accursed
   125 | D        | Killed a fleshlord
   126 | D        | Killed a tyrant
   127 | D        | Killed a fleshlord
   130 | D        | Killed a fleshlord
   131 | D        | Noticed a fleshlord
   131 | D        | Annihilated by a fleshlord

Levels and vault maps discovered:
D:        meatsprint

Skill      XL: |  1  2  3  4  5  6  7  8  9 10 11 12 13 14 15 16 17 18 19 20 21 22 |
---------------+-------------------------------------------------------------------+-----
Dodging        | 13 16 18 19 21 24 27 | 27.0
Stealth        | 14 18 19 21 23 25 27 | 27.0
Spellcasting   | 13 16 18 19 21 24 27 | 27.0
Necromancy     | 16 19 21 22 25 27 | 27.0
Fighting       | 7 12 18 21 25 27 | 27.0
Axes           | 7 12 17 20 24 27 | 27.0
Throwing       | 7 11 17 20 24 27 | 27.0
Armour         | 7 11 17 20 24 27 | 27.0
Unarmed Combat | 7 12 17 20 24 27 | 27.0
Invocations    | 10 16 22 26 27 | 27.0

Action                   |  1- 3 |  4- 6 |  7- 9 | 10-12 | 13-15 | 16-18 | 19-21 | 22-24 | 25-27 || total
-------------------------+-------+-------+-------+-------+-------+-------+-------+-------+-------++-------
Melee: Executioner's axe |     1 |       |       |       |     2 |     3 |     5 |     9 |    85 ||   105
  Use: Potion            |       |       |       |       |       |       |       |       |     1 ||     1
Dodge: Dodged            |       |       |       |       |     2 |     3 |     3 |       |     8 ||    16
       Deflected         |       |       |       |       |       |       |       |       |     1 ||     1

Table legend:
 A = Non-vault XP
 B = Vault XP
 C = Vault XP percentage of total XP
 D = Non-vault monster count
 E = Vault monster count
 F = Vault count percentage of total count
                 A         B        C        D         E       F
            +---------+---------+-------+---------+---------+-------
      Total | 4667185 | 1854619 |  28.4 |     120 |      92 |  43.4
            +---------+---------+-------+---------+---------+-------
          D | 4667185 | 1854619 |  28.4 |     120 |      92 |  43.4
            +---------+---------+-------+---------+---------+-------
